 Dungeon Crawl Stone Soup version 0.24.0-13-gcf9b319 (webtiles) character file.

Game seed: 4080034488161617283, levelgen mode: deterministic

6 Bronimir the Firebug (level 1, 0/16 HPs)
             Began as an Ogre Fire Elementalist on Apr 12, 2020.
             Slain by a leopard gecko (3 damage)
             ... on level 1 of the Dungeon.
             The game lasted 00:00:49 (308 turns).

Bronimir the Firebug (Ogre Fire Elementalist)        Turns: 308, Time: 00:00:49

Health: 0/16       AC:  3    Str: 11    XL:     1   Next: 90%
Magic:  1/3        EV: 10    Int: 16    God:
Gold:   6          SH:  0    Dex:  9    Spells: 3/4 levels left

rFire    . . .     SeeInvis .   b - +0 club
rCold    . . .     Gourm    .   (no shield)
rNeg     . . .     Faith    .   a - +0 robe
rPois    .         Spirit   .   (helmet restricted)
rElec    .         Reflect  .   (no cloak)
rCorr    .         Harm     .   (gloves unavailable)
MR       .....                  (boots unavailable)
Stlth    +.........             (no amulet)
HPRegen  0.05/turn              (no ring)
MPRegen  0.08/turn              (no ring)

@: no status effects
A: large, unfitting armour, tough skin 1
a: no special abilities


You were on level 1 of the Dungeon.
You were not hungry.

You visited 1 branch of the dungeon, and saw 1 of its levels.

You collected 6 gold pieces.

Inventory:

Hand Weapons
 b - a +0 club (weapon)
Armour
 a - a +0 robe (worn)
Potions
 d - a potion of heal wounds {unknown}
Comestibles
 c - a ration


   Skills:
 * Level 1.8 Dodging
 - Level 1.4 Stealth
 * Level 2.4 Spellcasting
 * Level 0.9 Conjurations
 * Level 3.0 Fire Magic


You had 3 spell levels left.
You knew the following spells:

 Your Spells              Type           Power        Failure   Level  Hunger
a - Flame Tongue          Conj/Fire      #....        9%          1    #......

Your spell library contained the following spells:

 Spells                   Type           Power        Failure   Level  Hunger
 Throw Flame              Conj/Fire      #.....       13%         2    ###....
 Conjure Flame            Conj/Fire      #.......     26%         3    ###....
 Inner Flame              Hex/Fire       #.......     32%         3    ###....
 Sticky Flame             Conj/Fire      #.......     65%         4    #####..
 Fireball                 Conj/Fire      #.........   94%         5    ######.


Dungeon Overview and Level Annotations

Branches:
Dungeon (1/15)

Altars:


Innate Abilities, Weirdness & Mutations

You are too large for most types of armour.
You have tough skin. (AC +1)


Message History

You hit the kobold but do no damage.
The kobold is severely wounded.
The kobold hits you with a +0 dagger.
* * * LOW HITPOINT WARNING * * *
The kobold closely misses you.
Casting: Flame Tongue (safe; 9% risk of failure)
Confirm with . or Enter, or press ? or * to list all spells.
Aiming: Flame Tongue (safe; 9% risk of failure)
Press: ? - help, Shift-Dir - straight line, f/p - kobold
Aim: a kobold, wielding a +0 dagger (severely wounded)
The flame tongue hits the kobold.
You kill the kobold!
The leopard gecko closely misses you.
Casting: Flame Tongue (safe; 9% risk of failure)
Confirm with . or Enter, or press ? or * to list all spells.
You don't have enough magic to cast that spell.
Unknown command.
The leopard gecko closely misses you. The leopard gecko bites you.
You die...

....................#
####.#.##.####.###.##.###.
.......................... #
#...........###.####### ##.
#####.................###
....
...#.#.##.####.........#
#..###.#)#.##.####.###.#.###
##.....)....##..........#.#
......÷.........@l........#
######'############.###.#.#
≈≈≈≈≈≈.≈≈≈≈≈≈≈ #.# #.#)#
♣PP.P≈.≈♣P♣PP♣ #.# #.#.#
P♣PPP≈.≈♣♣.PPP #.# #.#..
≈≈≈≈≈≈.≈≈≈≈≈≈≈ #.. .....
≈≈≈≈.....≈≈≈≈≈ #.# #.####
.P♣≈.###.≈.♣PP #.# #.#
PPP≈.#§#.≈PP♣P


You could see a leopard gecko.

Vanquished Creatures
  2 goblins (D:1)
  A hobgoblin (D:1)
  A kobold (D:1)
  A frilled lizard (D:1)
5 creatures vanquished.

Notes
Turn   | Place    | Note
-------+----------+-------------------------------------------
     0 | D:1      | Bronimir the Ogre Fire Elementalist began the quest for the
                  | Orb.
     0 | D:1      | Reached XP level 1. HP: 16/16 MP: 3/3
   106 | D:1      | Reached skill level 3 in Fire Magic
   308 | D:1      | Slain by a leopard gecko

Levels and vault maps discovered:
D:1:      lightli_arrival_farm, layout_basic, hangedman_glass_teeth,
          minmay_misc_feat_pillars

Skill      XL: |  1 |
---------------+----+-----
Fire Magic     | 3 |  3.0
Dodging        | |  1.8
Stealth        | |  1.4
Spellcasting   | |  2.4
Conjurations   | |  0.9

Action                   || total
-------------------------++-------
Melee: Club              ||    18
       Unarmed           ||     2
 Cast: Flame Tongue      ||     8
Armor: Robe              ||     7
Dodge: Dodged            ||    12
